AoeStats
← 客官

Oasis

507779499Analyzed
4v4 RM · 13d ago on Sep 19, 2026· 16m 2s· 8 players
Game mode
Random Map
Map size
Large (8 player)
Population
200
Speed
Normal
Resources
Standard
Victory
Conquest
Starting age
Dark Age
Ending age
Imperial Age
RankedLock teamsTeams togetherTeam positionsShared explorationLock speedFull tech treeHidden civsTurbo modeCheats
Victory
Defeat
🇵🇪 Magyars · Peru
1423
+14
🇨🇴 Saracens · Colombia
1418
+14
🇷🇴 Khitans · Romania
1412
+14
🇺🇸 Ethiopians · United States
1398
+15
🇮🇹 Ethiopians · Italy
1403
-15
1371
-14
🇨🇳 Maya · China
1371
-14
🇧🇷 Persians · Brazil
1360
-14
Christus Dominus Est
9:11 Feudal Age
11:07 Loom
13:52 Fletching
ElTitanSargeras
6:28 Loom
9:26 Feudal Age
10:08 Double-Bit Axe
CatinaS
7:04 Loom
10:25 Feudal Age
10:55 Double-Bit Axe
10:51 Domestication
14:41 Scale Barding Armor
15:24 Forging
Rojo, el camionero.
7:13 Loom
9:56 Feudal Age
10:33 Double-Bit Axe
13:39 Fletching
Demon Backpack // Varela
6:42 Loom
9:30 Feudal Age
10:25 Double-Bit Axe
11:51 Horse Collar
16:05 Scale Barding Armor
Lyy
6:21 Loom
9:01 Feudal Age
10:59 Fletching
TmZ_Mosquito Sedutor
10:23 Feudal Age
9:46 Loom
12:40 Double-Bit Axe
14:58 Bloodlines
客官
0:33 Loom
9:36 Feudal Age
13:04 Wheelbarrow
14:48 Double-Bit Axe
Connection lost

Rejoining the realm…

Still unreachable

The connection could not be restored.

Session expired

The server has moved on; the page needs a fresh start.